 Dungeon Crawl Stone Soup version 0.27-a0-1245-g940ed4fa31 (webtiles) character file.

Game seed: 1426351099681200654

491 trckry the Chucker (level 6, 0/56 HPs)
             Began as a Draconian Hunter on June 10, 2021.
             Slain by a hornet zombie (6 damage)
             ... on level 5 of the Dungeon.
             The game lasted 00:09:44 (4550 turns).

trckry the Chucker (Draconian Hunter)               Turns: 4550, Time: 00:09:45

Health: 0/56       AC:  8    Str: 13 (16) XL:     6   Next: 91%
Magic:  0/6        EV: 13    Int: 10 (11) God:
Gold:   144        SH:  0    Dex: 11 (12) Spells: 5/5 levels left

rFire    . . .     SeeInvis +   e - +1 spear
rCold    . . .     Faith    .   (no shield)
rNeg     . . .     Spirit   +   (armour unavailable)
rPois    .         Reflect  .   (helmet restricted)
rElec    .         Harm     .   (no cloak)
rCorr    .         Rampage  .   (no gloves)
Will     .....                  j - +1 pair of boots
Stlth    +.........             o - amulet of guardian spirit
HPRegen  0.18/turn              m - ring of see invisible
MPRegen  0.10/turn              (no ring)

@: no status effects
A: AC +6, unfitting armour, cold-blooded
a: no special abilities


You were on level 5 of the Dungeon.
You visited 1 branch of the dungeon, and saw 5 of its levels.

You collected 144 gold pieces.

Inventory:

Hand Weapons
 e - a +1 spear (weapon)
 h - a +1 dagger of draining
Missiles
 b - a javelin (quivered)
 c - a throwing net
 s - 19 poisoned darts
Armour
 j - a +1 pair of boots (worn)
Jewellery
 m - a ring of see invisible (left hand)
 o - an amulet of guardian spirit (around neck)
 u - a ring of flight
Wands
 a - a wand of flame (14)
Scrolls
 k - 2 scrolls of enchant armour


   Skills:
 + Level 5.1 Fighting
 + Level 5.3 Throwing
 + Level 4.1 Dodging
 - Level 0.8 Stealth


You had 5 spell levels left.
You didn't know any spells.
Your spell library was empty.

Dungeon Overview and Level Annotations

Branches:
Dungeon (5/15)
 Temple: D:4-7

Altars:
Fedhas
Makhleb
Nemelex Xobeh
Trog


Innate Abilities, Weirdness & Mutations

Your plain brown scales are hard. (AC +6)
You cannot fit into any form of body armour.
You are cold-blooded and may be slowed by cold attacks.


Message History

You hit the hornet zombie.
The hornet zombie is heavily damaged.
The hornet zombie closely misses you.
You hit the hornet zombie but do no damage.
You tail-slap the hornet zombie.
The hornet zombie is heavily damaged.
The hornet zombie hits you but does no damage.
You closely miss the hornet zombie.
The hornet zombie is heavily damaged.
The hornet zombie hits you!
* * * LOW HITPOINT WARNING * * *
The hornet zombie hits you but does no damage.
You take 5 damage, and have 14/56 hp.
You now have 1/6 mp.
You hit the hornet zombie.
The hornet zombie is heavily damaged.
The hornet zombie hits you.
* * * LOW HITPOINT WARNING * * *
You take 5 damage, and have 9/56 hp.
Aiming: Throw Flame
Press: ? - help, Shift-Dir - straight line, f - hornet zombie
Aim: a hornet zombie (heavily damaged, 72% to hit)
The puff of flame hits the hornet zombie but does no damage.
The hornet zombie is heavily damaged.
The hornet zombie hits you but does no damage.
The hornet zombie closely misses you.
Aiming: Throw Flame
Press: ? - help, Shift-Dir - straight line, f/p - hornet zombie
Aim: a hornet zombie (heavily damaged, 72% to hit)
The puff of flame hits the hornet zombie.
The hornet zombie is severely damaged.
The hornet zombie hits you.
* * * LOW HITPOINT WARNING * * *
You take 3 damage, and have 6/56 hp.
Aiming: Throw Flame
Press: ? - help, Shift-Dir - straight line, f/p - hornet zombie
Aim: a hornet zombie (severely damaged, 72% to hit)
The puff of flame hits the hornet zombie.
The hornet zombie is severely damaged.
The hornet zombie hits you!
You die...

g...?. ...... ...... .# .g..g.
.# ..g...## .# # .......# #.#
.#.
....##.################..#....
...........(.)(.@Z........Z.Z.
######.###############........
#...# #######....##...
###.#####..†)..†.##......
#.......######....#....
#....####.......### ...
#.........##.#### .
##....#######.# ## ##.....#
#.#


You could see a hornet zombie.

Vanquished Creatures
  A necrophage (D:3)
  An ogre (D:4)
  A centaur zombie (D:4)
  2 hounds (D:4)
  Ijyb (D:5)
  A hound skeleton (D:5)
  3 gnolls (D:5)
  Robin (D:2)
  4 adders
  A white imp (D:4)
  4 worms
  2 dart slugs
  2 orcs
  7 bats
  9 endoplasms
  2 giant cockroaches
  12 goblins
  5 hobgoblins
  5 jackals
  5 kobolds
  4 quokkas
  7 ball pythons
  5 frilled lizards
  9 rats
94 creatures vanquished.

Notes
Turn   | Place    | Note
-------+----------+-------------------------------------------
     0 | D:1      | trckry the Draconian Hunter began the quest for the Orb.
     0 | D:1      | Reached XP level 1. HP: 17/17 MP: 1/1
   265 | D:1      | Reached XP level 2. HP: 21/25 MP: 2/2
   382 | D:1      | Found a faded altar of an unknown god.
  1060 | D:2      | Reached XP level 3. HP: 30/30 MP: 3/3
  1643 | D:2      | Noticed Robin
  1650 | D:2      | Killed Robin
  1651 | D:2      | Reached XP level 4. HP: 28/38 MP: 4/4
  2534 | D:3      | Noticed a necrophage
  2550 | D:3      | Killed a necrophage
  2551 | D:3      | Reached XP level 5. HP: 45/46 MP: 3/5
  3417 | D:4      | Found a burning altar of Makhleb.
  3736 | D:4      | Reached XP level 6. HP: 43/53 MP: 4/6
  3976 | D:4      | Reached skill level 5 in Throwing
  4189 | D:4      | Found a blossoming altar of Fedhas.
  4192 | D:4      | Found a bloodstained altar of Trog.
  4197 | D:4      | Found a sparkling altar of Nemelex Xobeh.
  4328 | D:5      | Entered Level 5 of the Dungeon
  4452 | D:5      | Noticed Ijyb
  4474 | D:5      | Killed Ijyb
  4475 | D:5      | Reached skill level 5 in Fighting
  4549 | D:5      | HP: 6/56 [hornet zombie (3)]
  4550 | D:5      | Slain by a hornet zombie

Illustrated notes

Levels and vault maps discovered:
D:1:      minmay_arrival_radiant_lines, layout_rooms,
          shapermc_ecumenical_altar_starsandcircs
D:2:      layout_loops_ring, uniq_robin
D:3:      layout_basic
D:4:      layout_cave_pools, grunt_temple_overflow_open, lemuel_tele_altar
D:5:      layout_rooms, uniq_ijyb

Skill      XL: |  1  2  3  4  5  6 |
---------------+-------------------+-----
Dodging        | 2 3 4 |  4.1
Fighting       | 3 4 5 |  5.1
Throwing       | 4 5 |  5.3
Stealth        | |  0.8

Action                   |  1- 3 |  4- 6 || total
-------------------------+-------+-------++-------
Melee: Short sword       |    59 |       ||    59
       Tailslap          |    13 |    23 ||    36
       Spear             |   117 |   217 ||   334
Throw: Javelin           |     9 |    19 ||    28
       Throwing net      |       |     1 ||     1
       Dart              |       |    19 ||    19
Evoke: Wand              |       |     3 ||     3
  Use: Scroll            |       |     8 ||     8
       Potion            |       |     7 ||     7
 Stab: Sleeping          |     5 |     2 ||     7
Armor: Skin              |    53 |    71 ||   124
Dodge: Dodged            |   112 |   139 ||   251

Table legend: (Time is in decaauts)
 A = Elapsed time spent in this place.
 B = Non-inter-level travel time spent in this place.
 C = Inter-level travel time spent in this place.
 D = Time resting spent in this place.
 E = Time spent auto-exploring this place.
 F = Levels seen in this place.
 G = Mean time per level.
                   A        B        C        D        E       F      G
               +--------+--------+--------+--------+--------+-----+--------+
         Total |   4593 |   4482 |    111 |     43 |   3424 |   5 |  918.6 |
       Dungeon |   4593 |   4482 |    111 |     43 |   3424 |   5 |  918.6 |
               +--------+--------+--------+--------+--------+-----+--------+

Top non-repeatable levels by time:
     D:3: 1206 daAuts
     D:4: 1181 daAuts
     D:2: 1064 daAuts
     D:1: 975 daAuts
     D:5: 165 daAuts
